[Event "Titled Tuesday Blitz August 22 Late 2023"]
[White "Gutierrez Espinosa, Karen"]
[Black "Merino Garcia, Rafael II"]
[WhiteFideId "3513238"]
[BlackFideId "2209128"]
[WhiteElo "2104"]
[BlackElo "2368"]
[Result "0-1"]
[Round "3"]
[TimeControl "180+1"]
[Date "2023.08.22"]
[WhiteClock "0:00:40"]
[BlackClock "0:01:16"]
[Board "208"]

1. e4 d6 2. d4 Nd7 3. c4 g6 4. Nc3 Bg7 5. Nf3 e5 6. Be2 Ne7 7. O-O O-O 8. Bg5 h6 9. Bxe7 Qxe7 10. d5 f5 11. Nd2 a6 12. b4 f4 13. f3 g5 14. Nb3 h5 15. c5 Nf6 16. cxd6 cxd6 17. Na4 g4 18. Nb6 Rb8 19. Nxc8 Rbxc8 20. fxg4 Nxe4 21. gxh5 Nc3 22. Qd2 e4 23. Rac1 Qg5 24. Nd4 Bxd4+ 25. Kh1 Be3 26. Qxc3 Rxc3 27. Rxc3 Bb6 28. h4 Qxh4+ 29. Rh3 Qg5 30. h6 Kh7 31. Rh5 Qg3 32. Rh3 Qg6 33. Bh5 Qg5 34. a4 Rf6 35. a5 Rxh6 36. axb6 Rxh5 37. Rc1 Rxh3+ 38. gxh3 f3 39. Rc7+ Kh6 0-1


[Site "https://www.chess.com"]

[Event "Titled Tuesday Blitz August 22 Late 2023"]
[White "Phillips, Rene"]
[Black "Gaboyan, Susanna"]
[WhiteFideId "2056275"]
[BlackFideId "13303627"]
[WhiteElo "2097"]
[BlackElo "2364"]
[Result "0-1"]
[Round "3"]
[TimeControl "180+1"]
[Date "2023.08.22"]
[WhiteClock "0:00:21"]
[BlackClock "0:01:41"]
[Board "209"]

1. d4 Nf6 2. Bf4 d6 3. e3 Nbd7 4. h3 e5 5. Bh2 g6 6. Nf3 Bg7 7. Bc4 e4 8. Nfd2 d5 9. Be2 O-O 10. c4 c5 11. Nb3 dxc4 12. Bxc4 Nb6 13. Be2 cxd4 14. Qxd4 Nfd5 15. Qxe4 Bxb2 16. O-O Bf5 17. Qf3 Be6 18. Rd1 Qf6 19. N1d2 Qxf3 20. Nxf3 Nc3 21. Re1 Bxb3 22. axb3 Bxa1 0-1


[Site "https://www.chess.com"]

[Event "Titled Tuesday Blitz August 22 Late 2023"]
[White "Joubert, Dantelle"]
[Black "Jakubowska, Anna"]
[WhiteFideId "14310813"]
[BlackFideId "1121952"]
[WhiteElo "2065"]
[BlackElo "2360"]
[Result "0-1"]
[Round "3"]
[TimeControl "180+1"]
[Date "2023.08.22"]
[WhiteClock "0:00:00"]
[BlackClock "0:00:11"]
[Board "210"]

1. e4 c5 2. Nf3 e6 3. d3 d5 4. Nbd2 Nc6 5. g3 Nf6 6. Bg2 Be7 7. O-O O-O 8. Re1 Rb8 9. c3 b5 10. h4 b4 11. Qe2 Ba6 12. c4 dxe4 13. dxe4 Nd4 14. Nxd4 cxd4 15. b3 Nd7 16. e5 Bb7 17. Ne4 Nxe5 18. Bf4 d3 19. Qd2 Bxe4 20. Rxe4 Nd7 21. Bxb8 Qxb8 22. Rg4 Bf6 23. Rd1 Nc5 24. Qf4 Qd8 25. Be4 Kh8 26. h5 Bc3 27. h6 g6 28. Qe3 f5 29. Bxd3 fxg4 30. Be2 Qc7 31. Bxg4 e5 32. a3 Bd4 33. Rxd4 exd4 34. Qxd4+ Kg8 35. Qd5+ Rf7 36. Qa8+ Rf8 37. Qd5+ Qf7 38. Qxc5 bxa3 0-1


[Site "https://www.chess.com"]

[Event "Titled Tuesday Blitz August 22 Late 2023"]
[White "Bongo Akanga Ndjila, Barthelemy"]
[Black "Tinmaz, Kerem"]
[WhiteFideId "10609431"]
[BlackFideId "44559151"]
[WhiteElo "2043"]
[BlackElo "2359"]
[Result "0-1"]
[Round "3"]
[TimeControl "180+1"]
[Date "2023.08.22"]
[WhiteClock "0:01:50"]
[BlackClock "0:01:54"]
[Board "211"]

1. d4 d5 2. c4 c6 3. Nf3 Nf6 4. e3 Bf5 5. Bd3 Bxd3 6. Qxd3 e6 7. O-O Bd6 8. b3 Nbd7 9. Bb2 O-O 10. Nbd2 a6 11. Rfe1 Qe7 12. e4 dxe4 13. Nxe4 Nxe4 14. Rxe4 Nf6 15. Re2 Rfd8 16. Rae1 Rd7 17. Nh4 Ng4 18. h3 Qxh4 19. hxg4 Qh2+ 20. Kf1 Qh1# 0-1


[Site "https://www.chess.com"]

[Event "Titled Tuesday Blitz August 22 Late 2023"]
[White "dorpato"]
[Black "Labussiere, Yago"]
[BlackFideId "2186969"]
[WhiteElo "2033"]
[BlackElo "2358"]
[Result "0-1"]
[Round "3"]
[TimeControl "180+1"]
[Date "2023.08.22"]
[WhiteClock "0:00:08"]
[BlackClock "0:00:52"]
[Board "212"]

1. e4 c5 2. Nc3 Nc6 3. g3 g6 4. Bg2 Bg7 5. d3 d6 6. Be3 e6 7. Qd2 Rb8 8. h3 b5 9. Rb1 Nge7 10. Bh6 O-O 11. Bxg7 Kxg7 12. h4 h6 13. f4 f5 14. h5 Nd4 15. hxg6 Nxg6 16. Nf3 Rh8 17. Nh4 Qf6 18. Nxg6 Qxg6 19. Qf2 Bb7 20. exf5 exf5 21. Bxb7 Rxb7 22. Kd2 Re8 23. Rbe1 Rbe7 24. Rxe7+ Rxe7 25. Re1 Rxe1 26. Kxe1 b4 27. Nd5 Qe6+ 28. Ne3 Qxa2 29. c3 Qb1+ 30. Nd1 bxc3 31. bxc3 Ne6 32. Qg2 Qxd3 33. Qb7+ Kf6 34. Qxa7 Qxg3+ 35. Kd2 Qxf4+ 36. Kc2 Qe4+ 37. Kb2 Qe2+ 38. Kc1 Nf4 39. Qb8 Nd3+ 40. Kb1 Qxd1+ 41. Ka2 Qc2+ 42. Ka3 Qb2+ 0-1


[Site "https://www.chess.com"]

[Event "Titled Tuesday Blitz August 22 Late 2023"]
[White "KorolDimitriy75"]
[Black "OptimusPrimeBR"]
[WhiteElo "2349"]
[BlackElo "2024"]
[Result "1-0"]
[Round "3"]
[TimeControl "180+1"]
[Date "2023.08.22"]
[WhiteClock "0:00:16"]
[BlackClock "0:00:56"]
[Board "213"]

1. d4 d5 2. c4 c6 3. Nc3 Nf6 4. e3 e6 5. Nf3 Bd6 6. Bd3 Nbd7 7. O-O O-O 8. e4 dxc4 9. Bxc4 b5 10. Bb3 e5 11. Bg5 a6 12. Re1 Qc7 13. dxe5 Bxe5 14. Nxe5 Qxe5 15. f4 Qc5+ 16. Kh1 h6 17. Bh4 Bb7 18. e5 Nd5 19. Nxd5 cxd5 20. Rc1 Qb6 21. Bxd5 Rac8 22. Rxc8 Bxc8 23. e6 fxe6 24. Bxe6+ Kh8 25. Bxd7 Bxd7 26. Qxd7 Rxf4 27. Bg3 Rf6 28. h3 Qc5 29. Re8+ Kh7 30. Qd3+ Rg6 31. Re6 Qc1+ 32. Kh2 Qg5 33. Qxg6+ Qxg6 34. Rxg6 Kxg6 35. Be5 Kf5 36. Bxg7 h5 37. a3 Ke4 38. g4 hxg4 39. hxg4 Kf4 40. Kh3 a5 41. Bc3 a4 42. Bb4 Kg5 43. Bc3 Kg6 44. Kh4 Kh6 45. g5+ Kg6 46. Kg4 Kf7 47. Kf5 Kg8 48. g6 Kf8 49. Ke6 Kg8 50. g7 Kh7 51. Kf7 b4 52. g8=Q+ Kh6 53. Qg6# 1-0


[Site "https://www.chess.com"]

[Event "Titled Tuesday Blitz August 22 Late 2023"]
[White "Okike, David"]
[Black "Navyblue1"]
[WhiteFideId "8500134"]
[WhiteElo "2348"]
[BlackElo "2021"]
[Result "1-0"]
[Round "3"]
[TimeControl "180+1"]
[Date "2023.08.22"]
[WhiteClock "0:00:46"]
[BlackClock "0:00:03"]
[Board "214"]

1. e4 c5 2. Nf3 d6 3. d4 cxd4 4. Nxd4 Nf6 5. Nc3 a6 6. Bg5 Nbd7 7. f3 Qb6 8. Nb3 e6 9. Qd2 Be7 10. O-O-O Qc7 11. h4 b5 12. a3 h5 13. Kb1 Rb8 14. Bd3 Ne5 15. Bf4 Bd7 16. Ka1 a5 17. Na2 Ra8 18. Kb1 Nc4 19. Bxc4 bxc4 20. Nbc1 e5 21. Bg5 Rb8 22. Ka1 Qc5 23. Nc3 Bc6 24. Be3 Qxe3 25. Qxe3 Kd7 26. N1a2 Bd8 27. Qg5 Nxe4 28. Qxg7 Nxc3 29. Nxc3 Be7 30. Qg3 Rbg8 31. Qf2 Ke6 32. Rhe1 Rc8 33. f4 f5 34. fxe5 dxe5 35. g3 Rhf8 36. Qe3 e4 37. Qh6+ Bf6 38. Qxh5 Rh8 39. Qe2 Be5 40. g4 Bb7 41. gxf5+ Kxf5 42. Nxe4 1-0


[Site "https://www.chess.com"]

[Event "Titled Tuesday Blitz August 22 Late 2023"]
[White "Djordjevic, Dejan N"]
[Black "Han, Yichen"]
[WhiteFideId "913316"]
[BlackFideId "1054430"]
[WhiteElo "2019"]
[BlackElo "2344"]
[Result "0-1"]
[Round "3"]
[TimeControl "180+1"]
[Date "2023.08.22"]
[WhiteClock "0:00:00"]
[BlackClock "0:00:02"]
[Board "215"]

1. e4 c5 2. Nc3 e6 3. g3 Nc6 4. Bg2 Rb8 5. Nge2 b5 6. O-O b4 7. Na4 Nf6 8. b3 Be7 9. c4 bxc3 10. dxc3 O-O 11. c4 Ne8 12. Be3 d6 13. f4 e5 14. fxe5 Nxe5 15. h3 Bg5 16. Nf4 Nf6 17. Qc2 Nc6 18. Rad1 Re8 19. Nxc5 Qe7 20. Na4 Nxe4 21. Bc1 Nb4 22. Qb1 Nxg3 23. Rfe1 Qxe1+ 24. Rxe1 Rxe1+ 25. Kf2 Rxc1 26. Qxc1 Nd3+ 27. Nxd3 Bxc1 28. Nxc1 Nf5 29. Nd3 Bb7 30. Bf1 Nd4 31. Nf4 Bc6 32. Nc3 Ne6 33. Nfd5 Kf8 34. Bd3 Nc5 35. Bc2 a5 36. Ke3 Na6 37. a3 Nc5 38. b4 axb4 39. axb4 Nd7 40. b5 Bxd5 41. Nxd5 Ne5 42. Kd4 Nd7 43. Nb4 Rb6 44. Kd5 Nc5 45. Nc6 g6 46. Kxd6 Ne6 47. Bd3 Rb7 48. c5 Nxc5 49. Kxc5 f5 50. b6 Kg7 51. Nd8 Rd7 52. b7 Rxd8 53. Kc6 Rb8 54. Kc7 Rxb7+ 55. Kxb7 Kf6 56. Kc6 Ke5 57. Kc5 Kf4 58. Kd5 Kg3 59. Bf1 Kf2 60. Bc4 Kg2 61. Ke5 Kxh3 62. Kf4 Kh4 63. Bg8 h6 64. Bh7 Kh5 65. Bg8 Kh4 66. Bf7 g5+ 67. Kxf5 g4 68. Kf4 Kh3 0-1


[Site "https://www.chess.com"]

[Event "Titled Tuesday Blitz August 22 Late 2023"]
[White "Adan Bermudez, Sergio"]
[Black "rionelG"]
[WhiteFideId "2292726"]
[WhiteElo "1990"]
[BlackElo "2340"]
[Result "0-1"]
[Round "3"]
[TimeControl "180+1"]
[Date "2023.08.22"]
[WhiteClock "0:00:00"]
[BlackClock "0:00:48"]
[Board "216"]

1. d4 Nf6 2. Nc3 d5 3. Bf4 e6 4. e3 Be7 5. Bd3 O-O 6. Nf3 c5 7. dxc5 Na6 8. Bxa6 bxa6 9. b4 a5 10. a3 Ba6 11. b5 Bc8 12. c6 Nh5 13. Nd4 Nxf4 14. exf4 Qd6 15. Qd3 Qxf4 16. O-O Bf6 17. Nce2 Qd6 18. c4 e5 19. Nb3 e4 20. Qxd5 Qxd5 21. cxd5 Bg4 22. Ng3 Bxa1 23. Rxa1 Rad8 24. Nxa5 Rxd5 25. a4 a6 26. Rb1 axb5 27. axb5 Ra8 28. Nb7 Bc8 0-1


[Site "https://www.chess.com"]

[Event "Titled Tuesday Blitz August 22 Late 2023"]
[White "Harish, Neeraj"]
[Black "Aqib Javaid Butt"]
[WhiteFideId "30958130"]
[BlackFideId "7801262"]
[WhiteElo "2336"]
[BlackElo "1976"]
[Result "1-0"]
[Round "3"]
[TimeControl "180+1"]
[Date "2023.08.22"]
[WhiteClock "0:00:20"]
[BlackClock "0:00:00"]
[Board "217"]

1. e4 c6 2. d4 d5 3. e5 Bf5 4. h4 h5 5. Bd3 Bxd3 6. Qxd3 e6 7. Bg5 Qb6 8. Nd2 c5 9. c4 cxd4 10. cxd5 exd5 11. Ngf3 Bc5 12. O-O Ne7 13. Nb3 Na6 14. Nxc5 Nxc5 15. Qxd4 Ne6 16. Qxb6 axb6 17. Be3 b5 18. Rfd1 O-O 19. a3 Rfc8 20. Rac1 Rc4 21. Nd2 Rxh4 22. g3 Rg4 23. Nb3 h4 24. Kh2 Nf5 25. Rxd5 hxg3+ 26. Kh3 Rh4+ 27. Kg2 Rh2+ 28. Kf3 Nxe3 29. fxe3 g2 30. Kf2 Ng5 31. Kg3 1-0


[Site "https://www.chess.com"]

[Event "Titled Tuesday Blitz August 22 Late 2023"]
[White "Castillo Pena, Patricia Evarista"]
[Black "Martinez, Shawn"]
[WhiteFideId "6412106"]
[BlackFideId "2039770"]
[WhiteElo "1940"]
[BlackElo "2330"]
[Result "0-1"]
[Round "3"]
[TimeControl "180+1"]
[Date "2023.08.22"]
[WhiteClock "0:00:00"]
[BlackClock "0:00:40"]
[Board "218"]

1. d4 g6 2. Nf3 Bg7 3. Nc3 d6 4. e4 a6 5. Be3 e6 6. Qd2 h6 7. Bc4 b5 8. Bb3 Bb7 9. Qd3 Nd7 10. a4 b4 11. Ne2 Ne7 12. Ng3 O-O 13. Qd2 Kh7 14. Qxb4 Rb8 15. Qd2 Nf6 16. e5 Ne4 17. Nxe4 Bxe4 18. exd6 cxd6 19. Qe2 Nf5 20. Rd1 Qc7 21. O-O Rfc8 22. Qxa6 Bxf3 23. gxf3 Nh4 24. Qe2 Qa5 25. Kh1 Qh5 26. Rg1 Nxf3 27. Rg2 Rb4 28. a5 Rc7 29. a6 e5 30. Bd2 Rxd4 31. Bc3 Rh4 0-1


[Site "https://www.chess.com"]

[Event "Titled Tuesday Blitz August 22 Late 2023"]
[White "Nakamura, Hikaru"]
[Black "Kamsky, Gata"]
[WhiteFideId "2016192"]
[BlackFideId "2000024"]
[WhiteElo "3224"]
[BlackElo "2925"]
[Result "1-0"]
[Round "4"]
[TimeControl "180+1"]
[Date "2023.08.22"]
[WhiteClock "0:00:10"]
[BlackClock "0:00:06"]
[Board "1"]

1. a3 d5 2. Nf3 Bf5 3. c4 e6 4. Qb3 b6 5. cxd5 exd5 6. Nc3 Nf6 7. d3 Be7 8. g3 O-O 9. Bg2 c5 10. Bg5 Be6 11. d4 Nc6 12. Rd1 c4 13. Qc2 h6 14. Bxf6 Bxf6 15. O-O Rc8 16. e4 dxe4 17. Qxe4 Ne7 18. Ne5 Bf5 19. Qf3 Bxe5 20. dxe5 Bd3 21. Rfe1 Nc6 22. Bf1 Nd4 23. Qg4 Nc2 24. Re4 f5 25. exf6 Qxf6 26. Rf4 Qe5 27. Bxd3 cxd3 28. Rxf8+ Rxf8 29. Qc4+ Kh8 30. Qxd3 Ne1 31. Qe4 Nf3+ 32. Kg2 Qc5 33. Qe2 Qc6 34. Nd5 Ng5 35. h4 Re8 36. Qd3 Ne4 37. Nf4 Nf6+ 38. Qf3 Qc4 39. Rd6 Qc2 40. b4 Qf5 41. h5 Ne4 42. Ng6+ 1-0


[Site "https://www.chess.com"]

[Event "Titled Tuesday Blitz August 22 Late 2023"]
[White "So, Wesley"]
[Black "Sanal, Vahap"]
[WhiteFideId "5202213"]
[BlackFideId "6300545"]
[WhiteElo "3095"]
[BlackElo "2921"]
[Result "1/2-1/2"]
[Round "4"]
[TimeControl "180+1"]
[Date "2023.08.22"]
[WhiteClock "0:00:07"]
[BlackClock "0:00:03"]
[Board "2"]

1. b3 d5 2. Bb2 Bf5 3. Nf3 e6 4. g3 h6 5. Bg2 Nf6 6. O-O Be7 7. d3 O-O 8. Ne5 Nbd7 9. Nxd7 Nxd7 10. e4 dxe4 11. dxe4 Bh7 12. Qe2 c6 13. Rd1 Qc7 14. Nd2 Bf6 15. Bxf6 Nxf6 16. Nc4 Rad8 17. a4 Bg6 18. Bf3 b5 19. Nb2 Rxd1+ 20. Rxd1 bxa4 21. Nxa4 Qe5 22. Qe3 Nxe4 23. h4 a5 24. Re1 f5 25. Bxe4 fxe4 26. Qc3 Qxc3 27. Nxc3 e3 28. Rxe3 Bxc2 29. Na4 Rb8 30. Nc5 Kf7 31. g4 Rb5 32. Rc3 Bd1 33. g5 hxg5 34. hxg5 Ke7 35. f4 Kd6 36. Ne4+ Kd5 37. Nd2 Kd4 38. Rxc6 Ke3 39. Rd6 Kxf4 40. Rxe6 Rd5 41. Nc4 Bxb3 42. Rc6 Rd1+ 43. Kf2 Rc1 44. Nxa5 Rxc6 45. Nxc6 Kxg5 46. Nd4 Bd5 47. Kg3 Kf6 48. Ne2 g5 49. Nf4 gxf4+ 50. Kxf4 1/2-1/2


[Site "https://www.chess.com"]

[Event "Titled Tuesday Blitz August 22 Late 2023"]
[White "Firouzja, Alireza"]
[Black "Rasulov, Vugar"]
[WhiteFideId "12573981"]
[BlackFideId "13402390"]
[WhiteElo "3092"]
[BlackElo "2902"]
[Result "1-0"]
[Round "4"]
[TimeControl "180+1"]
[Date "2023.08.22"]
[WhiteClock "0:01:49"]
[BlackClock "0:00:04"]
[Board "3"]

1. e4 c6 2. Nc3 d5 3. Qf3 dxe4 4. Nxe4 Nf6 5. Bc4 Nbd7 6. d4 Nb6 7. Bd3 g6 8. Nxf6+ exf6 9. Ne2 Bg7 10. O-O O-O 11. c3 Nd5 12. Re1 f5 13. Bd2 Be6 14. h3 Re8 15. c4 Nf6 16. b3 a5 17. Rad1 Ne4 18. Be3 a4 19. Nf4 axb3 20. axb3 Bd7 21. c5 b5 22. cxb6 Qxb6 23. Bc4 Nd6 24. Nd3 Nxc4 25. bxc4 Qc7 26. Nc5 Bf8 27. Bf4 Qc8 28. Be5 Be6 29. Qc3 h5 30. Rb1 Bxc5 31. dxc5 Kh7 32. Qg3 Bxc4 33. Qh4 Re6 34. Qxc4 Qe8 35. Bc3 Rxe1+ 36. Rxe1 Qd7 37. Qd4 Qxd4 38. Bxd4 Ra4 39. Bf6 1-0


[Site "https://www.chess.com"]

[Event "Titled Tuesday Blitz August 22 Late 2023"]
[White "Duda, Jan-Krzysztof"]
[Black "Grigorjev, Iljya"]
[WhiteFideId "1170546"]
[BlackFideId "24159565"]
[WhiteElo "3088"]
[BlackElo "2897"]
[Result "0-1"]
[Round "4"]
[TimeControl "180+1"]
[Date "2023.08.22"]
[WhiteClock "0:00:00"]
[BlackClock "0:00:05"]
[Board "4"]

1. Nf3 Nf6 2. g3 g6 3. b4 Bg7 4. Bb2 O-O 5. Bg2 d5 6. O-O c6 7. d3 a5 8. a3 Na6 9. Nbd2 Re8 10. c4 Bf5 11. Bc3 dxc4 12. Nxc4 axb4 13. axb4 Nc7 14. Rxa8 Qxa8 15. Qb3 Nb5 16. Ra1 Qd8 17. Be5 Be6 18. Qb2 Bd5 19. h3 Nh5 20. Bxg7 Nxg7 21. Na5 Qb6 22. e4 Be6 23. d4 Rd8 24. Rd1 f6 25. Rd2 Bf7 26. Bf1 Ne6 27. Nb3 Nec7 28. Nc5 Nd6 29. Rd1 Ne6 30. Qc3 Nb5 31. Qe3 Nxc5 32. bxc5 Qa5 33. d5 cxd5 34. exd5 Nc3 35. Qe1 Qxc5 36. Rc1 Rc8 37. Kh2 Bxd5 38. Nd2 b5 39. Bd3 b4 40. h4 Kg7 41. h5 Bf7 42. hxg6 hxg6 43. Bf1 Rd8 44. Kg1 Rc8 45. Ne4 Ne2+ 46. Qxe2 Qxc1 47. Nd2 Qc7 48. Qe3 Qc3 49. Qe2 b3 50. Ne4 Qc2 51. Qb5 b2 52. Qb7 b1=Q 53. Qxe7 Qxe4 54. Qd6 Qxf1+ 0-1


[Site "https://www.chess.com"]

[Event "Titled Tuesday Blitz August 22 Late 2023"]
[White "Kravtsiv, Martyn"]
[Black "Sarana, Alexey"]
[WhiteFideId "14113147"]
[BlackFideId "24133795"]
[WhiteElo "2892"]
[BlackElo "3070"]
[Result "0-1"]
[Round "4"]
[TimeControl "180+1"]
[Date "2023.08.22"]
[WhiteClock "0:00:00"]
[BlackClock "0:00:12"]
[Board "5"]

1. e4 c5 2. Nf3 d6 3. Bb5+ Bd7 4. Bxd7+ Nxd7 5. O-O e6 6. Qe2 Be7 7. d4 cxd4 8. Nxd4 Ngf6 9. c4 Rc8 10. Nc3 a6 11. a4 Qb6 12. Nc2 Ne5 13. Ne3 Qb3 14. Ra3 Qb4 15. a5 O-O 16. Ra4 Qc5 17. Rd1 Rfd8 18. Kh1 Qc6 19. f3 Nh5 20. b3 Nf4 21. Qf1 Bf6 22. Na2 Qc5 23. Nb4 h5 24. Nec2 Neg6 25. Be3 Qe5 26. g3 Qc3 27. gxf4 Qxb3 28. Ra3 Qxc4 29. Qxc4 Rxc4 30. Rad3 Be7 31. Rd4 Rc3 32. R1d3 Rc7 33. Rd2 Rdc8 34. R4d3 Rc4 35. Rb3 Bd8 36. Kg1 Bxa5 37. Rxd6 Bc7 38. Rd4 Bxf4 39. Rxc4 Rxc4 40. Bxf4 Nxf4 41. Ne3 Rc1+ 42. Kf2 Rh1 43. Nbc2 b5 44. Nf1 h4 45. Nce3 g5 46. Ra3 b4 47. Rxa6 b3 48. Rb6 b2 49. Nd1 Nh3+ 50. Kg2 Rg1+ 51. Kxh3 Rxf1 52. Nxb2 Rxf3+ 53. Kg4 Rf4+ 54. Kxg5 Rxe4 55. Nd3 Kg7 56. Nf4 f6+ 57. Kg4 e5 58. Kxh4 Rxf4+ 59. Kg3 Kg6 60. h4 Kh5 61. Rc6 Kg6 62. h5+ Kxh5 63. Rc8 Kg5 64. Rc3 Kf5 65. Rd3 Rd4 66. Rf3+ Kg5 67. Rf2 f5 68. Kg2 e4 69. Rb2 Rd3 70. Rb5 Kg4 71. Kf2 f4 72. Re5 Rd2+ 73. Ke1 e3 74. Re4 Ra2 75. Re8 Kf3 0-1


[Site "https://www.chess.com"]

[Event "Titled Tuesday Blitz August 22 Late 2023"]
[White "Elsa167"]
[Black "Bluebaum, Matthias"]
[BlackFideId "24651516"]
[WhiteElo "2889"]
[BlackElo "3033"]
[Result "1/2-1/2"]
[Round "4"]
[TimeControl "180+1"]
[Date "2023.08.22"]
[WhiteClock "0:00:29"]
[BlackClock "0:00:49"]
[Board "6"]

1. d4 d5 2. c4 e6 3. Nf3 Nf6 4. Nc3 Bb4 5. Bg5 h6 6. Bxf6 Qxf6 7. e3 c5 8. cxd5 exd5 9. Bb5+ Bd7 10. Bxd7+ Nxd7 11. O-O Bxc3 12. bxc3 O-O 13. a4 Qc6 14. Qb3 Rab8 15. a5 Rfc8 16. Rfb1 b5 17. axb6 Rxb6 18. Qa3 Rcb8 19. Rxb6 axb6 20. h3 b5 21. dxc5 Qxc5 22. Nd4 Qxa3 23. Rxa3 b4 24. cxb4 Rxb4 25. Ra8+ Rb8 26. Ra7 Nf6 27. Nf5 Rd8 28. g4 Ne4 29. f3 Nd6 30. Nxd6 Rxd6 31. Kf2 d4 32. e4 g5 33. Ke2 Kg7 34. Kd3 Rf6 35. Ke2 Rb6 36. Rd7 Rb2+ 37. Ke1 Rb3 38. Ke2 Rb2+ 39. Ke1 Rb3 40. Ke2 Rb2+ 1/2-1/2


[Site "https://www.chess.com"]

[Event "Titled Tuesday Blitz August 22 Late 2023"]
[White "Mamedov, Rauf"]
[Black "Rustemov, Alexander"]
[WhiteFideId "13401653"]
[BlackFideId "4119002"]
[WhiteElo "3031"]
[BlackElo "2868"]
[Result "1-0"]
[Round "4"]
[TimeControl "180+1"]
[Date "2023.08.22"]
[WhiteClock "0:00:08"]
[BlackClock "0:00:00"]
[Board "7"]

1. c4 c5 2. g3 g6 3. Bg2 Bg7 4. Nf3 Nc6 5. O-O b6 6. Nc3 Bb7 7. d3 d6 8. Rb1 Qd7 9. a3 Bxc3 10. bxc3 Nf6 11. e4 h6 12. Re1 Qc7 13. d4 e5 14. h3 Na5 15. Nd2 O-O-O 16. Qf3 Qe7 17. Qd3 Ba6 18. a4 Kb8 19. Rb5 Bxb5 20. axb5 Nd7 21. Nf1 Rc8 22. Ne3 Nf6 23. Nd5 Nxd5 24. exd5 cxd4 25. c5 bxc5 26. c4 Nb7 27. Bd2 Nd8 28. Ra1 Rc7 29. Ra6 Rb7 30. Qa3 f5 31. h4 e4 32. Bf4 Nf7 33. Qxc5 g5 34. Bxd6+ Nxd6 35. Rxd6 Rc8 36. Qa3 Rxc4 37. b6 axb6 38. hxg5 hxg5 39. g4 Rd7 40. Rxb6+ Kc7 41. d6+ Qxd6 42. Rxd6 Rxd6 43. Qa5+ Kc6 44. gxf5 d3 45. Qa6+ Kc5 46. Qa3+ Kc6 47. Bxe4+ Rxe4 48. Qa8+ Kc5 49. Qxe4 d2 50. Qc2+ Kb4 51. Qd1 Kc3 52. Kg2 Rd5 53. f6 Rf5 54. Kg3 Rxf6 55. Qa1+ Kc4 56. Qxf6 d1=Q 57. Qc6+ Kb4 58. Qb7+ Kc5 59. Qc7+ Kb5 60. Qb8+ Kc6 61. Qa8+ Kc7 62. Qa7+ Kd8 63. Qb8+ Ke7 64. Qe5+ Kf7 65. Qf5+ Ke8 66. Qg6+ Ke7 67. Qxg5+ Ke6 68. Qg4+ Qxg4+ 69. Kxg4 Ke5 70. Kg5 Ke6 71. f4 Ke7 72. Kg6 Ke6 73. f5+ Ke7 74. Kg7 Ke8 75. f6 1-0


[Site "https://www.chess.com"]

[Event "Titled Tuesday Blitz August 22 Late 2023"]
[White "Durarbayli, Vasif"]
[Black "Martinez Alcantara, Jose Eduardo"]
[WhiteFideId "13402935"]
[BlackFideId "3805662"]
[WhiteElo "2862"]
[BlackElo "3026"]
[Result "1-0"]
[Round "4"]
[TimeControl "180+1"]
[Date "2023.08.22"]
[WhiteClock "0:00:09"]
[BlackClock "0:00:00"]
[Board "8"]

1. e4 c5 2. Nf3 a6 3. c3 d5 4. exd5 Qxd5 5. d4 Nf6 6. Be3 cxd4 7. cxd4 e6 8. Nc3 Qd8 9. Bd3 Be7 10. O-O O-O 11. Ne5 Bd7 12. Qf3 Nc6 13. Rad1 Rc8 14. Qh3 Nb4 15. Bb1 g6 16. Bh6 Re8 17. Rfe1 Nbd5 18. Rd3 Nxc3 19. bxc3 Qa5 20. Rf3 Bc6 21. Rg3 Bd6 22. Qh4 Nd7 23. Bf4 Nxe5 24. dxe5 Bf8 25. Rh3 h5 26. Qg3 Bg7 27. Rxh5 Qc7 28. Rg5 Bb5 29. Re3 Red8 30. Bc2 Rd2 31. Bb3 Rcd8 32. h4 Bc4 33. h5 Bxb3 34. axb3 Rd1+ 35. Kh2 Bh6 36. hxg6 Bxg5 37. Bxg5 fxg6 38. Bxd8 1-0


[Site "https://www.chess.com"]

[Event "Titled Tuesday Blitz August 22 Late 2023"]
[White "Sadhwani, Raunak"]
[Black "Asadli, Vugar"]
[WhiteFideId "35093487"]
[BlackFideId "13405764"]
[WhiteElo "3019"]
[BlackElo "2852"]
[Result "1-0"]
[Round "4"]
[TimeControl "180+1"]
[Date "2023.08.22"]
[WhiteClock "0:00:49"]
[BlackClock "0:01:17"]
[Board "9"]

1. e4 c5 2. Nf3 e6 3. c3 Nf6 4. e5 Nd5 5. d4 cxd4 6. cxd4 b6 7. Bc4 Ba6 8. b3 Bb4+ 9. Bd2 Bxd2+ 10. Qxd2 d6 11. O-O O-O 12. Rd1 Bb7 13. Nc3 Nxc3 14. Qxc3 Nd7 15. d5 b5 16. dxe6 bxc4 17. exd7 cxb3 18. Rxd6 Bxf3 19. Qxf3 b2 20. Rb1 Qa5 21. Qd5 Qa6 1-0


[Site "https://www.chess.com"]

[Event "Titled Tuesday Blitz August 22 Late 2023"]
[White "Pakleza, Zbigniew"]
[Black "Matlakov, Maxim"]
[WhiteFideId "1119290"]
[BlackFideId "4168003"]
[WhiteElo "2841"]
[BlackElo "3006"]
[Result "0-1"]
[Round "4"]
[TimeControl "180+1"]
[Date "2023.08.22"]
[WhiteClock "0:00:02"]
[BlackClock "0:00:09"]
[Board "10"]

1. d4 Nf6 2. Nf3 d5 3. Bf4 Bf5 4. e3 e6 5. Bd3 Bg6 6. O-O Nbd7 7. c4 c6 8. Nc3 Be7 9. h3 O-O 10. Bxg6 hxg6 11. Qe2 a6 12. e4 dxc4 13. Qxc4 Rc8 14. Rad1 b5 15. Qe2 Qb6 16. Bg5 Rfe8 17. e5 Nd5 18. Ne4 Bf8 19. Rd3 c5 20. dxc5 Nxc5 21. Nxc5 Rxc5 22. Be3 Nxe3 23. Qxe3 Rd8 24. Rfd1 Rxd3 25. Rxd3 Qc7 26. Qf4 Be7 27. Kh2 Rc4 28. Qe3 Bc5 29. Qd2 Be7 30. Rd7 Qc5 31. Rb7 Rc2 32. Qf4 Qxf2 33. Rb8+ Kh7 34. Qg4 Rc4 35. Qg3 Qxg3+ 36. Kxg3 Rc7 37. Ra8 g5 38. Rxa6 Kg6 39. b3 Kf5 40. Ra5 b4 41. Ra6 Rc3 42. Ra7 Bc5 43. Rxf7+ Kg6 44. Rb7 Rc2 45. Rb5 Be3 46. Kg4 Rxg2# 0-1


[Site "https://www.chess.com"]

[Event "Titled Tuesday Blitz August 22 Late 2023"]
[White "Girel, Joseph"]
[Black "Xiong, Jeffery"]
[WhiteFideId "36033561"]
[BlackFideId "2047640"]
[WhiteElo "2825"]
[BlackElo "2999"]
[Result "0-1"]
[Round "4"]
[TimeControl "180+1"]
[Date "2023.08.22"]
[WhiteClock "0:00:11"]
[BlackClock "0:00:31"]
[Board "11"]

1. d4 d5 2. c4 e6 3. Nf3 dxc4 4. e3 Nf6 5. Bxc4 c5 6. O-O Nc6 7. Qe2 a6 8. Rd1 b5 9. dxc5 Qc7 10. Bd3 Nb4 11. a4 Nxd3 12. Qxd3 b4 13. Nbd2 Bxc5 14. Ne4 Nxe4 15. Qxe4 Bb7 16. Qg4 O-O 17. b3 Bd5 18. Bb2 f5 19. Qg5 Qe7 20. Rac1 Qxg5 21. Nxg5 Rfc8 22. Rd3 Be7 23. h4 Bf6 24. Rxc8+ Rxc8 25. Bd4 Bxd4 26. Rxd4 a5 27. Kh2 Bxb3 28. Rd6 Rb8 29. Nf3 Bd5 30. Nd2 b3 31. f3 b2 32. e4 fxe4 33. fxe4 Bxe4 34. Rxe6 Bc2 35. Rc6 Bxa4 36. Nb1 Bxc6 0-1


[Site "https://www.chess.com"]

[Event "Titled Tuesday Blitz August 22 Late 2023"]
[White "Van Foreest, Jorden"]
[Black "Harshavardhan G B"]
[WhiteFideId "1039784"]
[BlackFideId "25059009"]
[WhiteElo "2997"]
[BlackElo "2815"]
[Result "1-0"]
[Round "4"]
[TimeControl "180+1"]
[Date "2023.08.22"]
[WhiteClock "0:01:52"]
[BlackClock "0:00:07"]
[Board "12"]

1. e4 c5 2. Nf3 d6 3. Bd3 g6 4. O-O Bg7 5. c3 Nc6 6. Bc2 e5 7. a3 a5 8. a4 Nge7 9. Na3 O-O 10. Nb5 d5 11. d3 h6 12. exd5 Nxd5 13. Bb3 Be6 14. Nd2 b6 15. Ne4 f5 16. Ned6 Qe7 17. Qf3 e4 18. dxe4 Ne5 19. Qd1 Nf6 20. Bxe6+ Qxe6 21. Nc7 Qd7 22. Nxa8 Rxa8 23. f4 Nc6 24. e5 Ne8 25. Nxe8 Qxe8 26. Be3 Kh7 27. Qb3 Rb8 28. Rad1 Nd8 29. Rd6 Nf7 30. Rxb6 Rxb6 31. Qxb6 Qxa4 32. Qxc5 Qc2 33. e6 1-0


[Site "https://www.chess.com"]